 Dungeon Crawl Stone Soup version 0.28-a0-938-gbc3f381ebc (webtiles) character file.

Game seed: 16468360562061668079

298 bande the Covered (level 6, -2/38 HPs)
             Began as a Gargoyle Fighter on Nov 29, 2021.
             Killed from afar by an orc wizard (7 damage)
             ... with a magic dart
             ... on level 4 of the Dungeon.
             The game lasted 00:03:29 (2912 turns).

bande the Covered (Gargoyle Fighter)                Turns: 2912, Time: 00:03:30

Health: -2/38      AC: 15    Str: 20    XL:     6   Next: 35%
Magic:  6/6        EV:  9    Int:  9    God:
Gold:   109        SH:  5    Dex: 12    Spells: 5/5 levels left

rFire   . . .      SeeInvis .   a - +0 war axe
rCold   . . .      Faith    .   c - +0 buckler
rNeg    + . .      Spirit   .   b - +0 scale mail
rPois   ∞          Reflect  .   (no helmet)
rElec   +          Harm     .   (no cloak)
rCorr   .          Rampage  .   (no gloves)
Will    .....                   (no boots)
Stlth   ..........              (no amulet)
HPRegen 0.12/turn               k - +4 ring of protection
MPRegen 0.10/turn               (no ring)

@: unable to read
A: sickness immunity, AC +4, negative energy resistance 1, electricity
resistance, torment resistance 1, petrification resistance, agile 1, inability
to read while threatened
a: no special abilities


You were on level 4 of the Dungeon.
You visited 1 branch of the dungeon, and saw 4 of its levels.

You collected 109 gold pieces.

Inventory:

Hand Weapons
 a - a +0 war axe (weapon)
Armour
 b - a +0 scale mail (worn)
 c - a +0 buckler (worn)
Jewellery
 g - a ring of willpower
 k - a +4 ring of protection (left hand)
Wands
 f - a wand of mindburst (8)
Potions
 d - 3 potions of might
 i - a potion of flight
 j - 2 potions of curing


   Skills:
 + Level 4.0 Fighting
 + Level 4.5 Axes
 + Level 4.5 Armour
 + Level 0.2 Stealth
 + Level 3.8 Shields
 * Level 0.3 Evocations


You had 5 spell levels left.
You didn't know any spells.
Your spell library contained the following spells:

 Spells                   Type           Power      Damage    Failure   Level
 Apportation              Tloc           0%         N/A       75%         1
 Freeze                   Ice            0%         1d3       75%         1
 Frozen Ramparts          Ice            0%         1d2       98%         3
 Hailstorm                Conj/Ice       0%         3d3       100%        4
 Alistair's Intoxication  Tmut/Pois      0%         N/A       100%        5


Dungeon Overview and Level Annotations

Branches:
Dungeon (4/15)
 Temple: D:4-7

Altars:
Ru
Trog
Zin

Shops:
D:2 :


Innate Abilities, Weirdness & Mutations

You are immune to sickness and miasma.
Your stone body is resilient. (AC +4)
You are immune to poison.
You resist negative energy. (rN+)
You are resistant to electric shocks. (rElec)
You are resistant to unholy torment.
You are immune to petrification.
You are agile. (Dex +2)
You sometimes lose the ability to read scrolls when taking damage.


Message History

You closely miss something. Something hits you.
You closely miss something.
You hear some strange, mumbled words.
A puff of flame appears from out of thin air!
The puff of flame hits you but does no damage.
You completely miss something. Something hits you. x2
* * * LOW HITPOINT WARNING * * *
You miss something. Something hits you but does no damage.
You hit something but do no damage. Something hits you.
* * * LOW HITPOINT WARNING * * *
You closely miss something.
You hear some strange, mumbled words.
You are confused.
You bump into the rock wall.
You hear some strange, mumbled words.
A magic dart appears from out of thin air!
The magic dart hits you but does no damage.
You hit something. Something hits you but does no damage.
You hear some strange, mumbled words.
You are more confused.
You bump into the rock wall.
Something hits you but does no damage.
You barely miss something. Something hits you but does no damage.
You bump into the rock wall.
Something hits you.
* * * LOW HITPOINT WARNING * * *
You bump into the rock wall.
Something hits you.
* * * LOW HITPOINT WARNING * * *
You bump into the rock wall.
Something hits you.
* * * LOW HITPOINT WARNING * * *
You barely miss something. Something hits you but does no damage.
Something hits you but does no damage.
You bump into the rock wall.
You feel less confused. Something hits you but does no damage.
You barely miss something. Something hits you but does no damage.
You barely miss something.
An orc wizard appears from thin air!
Reactivating autopickup.
The orc wizard points at you and mumbles some strange words.
The magic dart hits you!
You feel threatened and lose the ability to read scrolls!
You die...

,,,,,,*,*+*,,,*
,,,,,**,,,***,***###*
,,,,,+,,,,,,*,,,,...*
,,,,**,,,,,,*,***..**
,,,,*,,,,,,,*,* *.#*
+****,,,,,,,+,*##.#
,,,,*,,,,,,,***#..#
,,,,**,,,,,,* ##.#*
,,,,,+,,,,,,*##.@#
,,,,,**,,,***#.o##
,,,,,,*,#+####.###
,,,,***##.....)).#**
,,*+*,*#.####..#...#
***,,,*#..*##)###.##
*,,,,,,+..##..#**.#
*,,,,,,*#[.()##*,.#
*,,,,,,,#..#####.#*


You could see an orc wizard.

Vanquished Creatures
  An ogre (D:3)
  A phantom (D:3)
  An orc priest (D:4)
  An orc wizard (D:4)
  2 adders
  A worm (D:3)
  A dart slug (D:2)
  3 orcs (D:4)
  4 bats
  5 endoplasms
  2 giant cockroaches
  7 goblins
  2 hobgoblins
  5 jackals
  4 quokkas
  3 ball pythons
  2 frilled lizards (D:1)
  5 kobolds
  3 rats
53 creatures vanquished.

Notes
Turn   | Place    | Note
-------+----------+-------------------------------------------
     0 | D:1      | bande the Gargoyle Fighter began the quest for the Orb.
     0 | D:1      | Reached XP level 1. HP: 14/14 MP: 1/1
   246 | D:1      | Reached XP level 2. HP: 19/19 MP: 2/2
   549 | D:1      | Found a faded altar of an unknown god.
  1180 | D:2      | Found a glowing silver altar of Zin.
  1289 | D:2      | Reached XP level 3. HP: 23/23 MP: 3/3
  1520 | D:2      | Found Piann's Book Boutique.
  1742 | D:3      | Gained mutation: You sometimes lose the ability to read
                  | scrolls when taking damage. [potion of mutation]
  1742 | D:3      | Gained mutation: You are agile. (Dex +2) [potion of
                  | mutation]
  1856 | D:3      | Found a bloodstained altar of Trog.
  1856 | D:3      | Noticed an ogre
  1856 | D:3      | Found a sacrificial altar of Ru.
  1958 | D:3      | Noticed a phantom
  1968 | D:3      | Killed a phantom
  1969 | D:3      | Reached XP level 4. HP: 18/29 MP: 4/4
  1969 | D:3      | Reached XP level 5. HP: 21/33 MP: 5/5
  1972 | D:3      | Killed an ogre
  2463 | D:3      | Reached XP level 6. HP: 38/38 MP: 6/6
  2912 | D:4      | Killed from afar by an orc wizard

Illustrated notes

Levels and vault maps discovered:
D:1:      sevenhm_arrival_forest_fort_large_4, layout_basic,
          hellmonk_ecumenical_altar_leap_of_faith, minmay_heptomino_l4
D:2:      minmay_angry_zag, layout_loops_ring, basic_altar, serial_shops, shop
D:3:      layout_basic, mainiacjoe_overflow_divided_tiny
D:4:      nicolae_cairo_tiling_very_big, layout_rooms, tgw_fedhas,
          lemuel_zombie_altar_yredelemnul, grunt_gozag_statues,
          minmay_misc_feat_tower, sigmund_edmund_badplayer

Skill      XL: |  1  2  3  4  5 |
---------------+----------------+-----
Axes           | 2 3 4 |  4.5
Armour         | 4 |  4.5
Fighting       | 4 |  4.0
Stealth        | |  0.2
Shields        | |  3.8
Evocations     | |  0.3

Action                   |  1- 3 |  4- 6 || total
-------------------------+-------+-------++-------
Melee: War axe           |    91 |    71 ||   162
  Use: Scroll            |     5 |     3 ||     8
       Potion            |     1 |       ||     1
Armor: Scale mail        |    40 |    63 ||   103
Dodge: Dodged            |    49 |    43 ||    92
Block: Buckler           |    22 |    13 ||    35

Table legend: (Time is in decaauts)
 A = Elapsed time spent in this place.
 B = Non-inter-level travel time spent in this place.
 C = Inter-level travel time spent in this place.
 D = Time resting spent in this place.
 E = Time spent auto-exploring this place.
 F = Levels seen in this place.
 G = Mean time per level.
                   A        B        C        D        E       F      G
               +--------+--------+--------+--------+--------+-----+--------+
         Total |   2968 |   2906 |     62 |     84 |   2315 |   4 |  742.0 |
       Dungeon |   2968 |   2906 |     62 |     84 |   2315 |   4 |  742.0 |
               +--------+--------+--------+--------+--------+-----+--------+

Top non-repeatable levels by time:
     D:1: 1090 daAuts
     D:3: 1055 daAuts
     D:2: 676 daAuts
     D:4: 146 daAuts
